 Dungeon Crawl Stone Soup version 0.22-a0-348-gd16d139 (webtiles) character file.

26 4thArraOfDagon the Firebug (level 2, 0/30 HPs)
             Began as a Demigod Fire Elementalist on Apr 7, 2018.
             Slain by xccam's ghost (2 damage)
             ... on level 3 of the Dungeon.
             The game lasted 00:01:56 (500 turns).

4thArraOfDagon the Firebug (DgFE)                    Turns: 500, Time: 00:01:57

Health: 0/30       AC: 21    Str:  8 (11) XL:     2   Next: 69%
Magic:  2/7        EV:  2    Int: 18 (19) God:
Gold:   23         SH:  0    Dex: 14 (16) Spells: 4/5 levels left

rFire    . . .     SeeInvis .   d - +0 mace
rCold    . . .     Gourm    .   (no shield)
rNeg     + + +     Faith    .   (armour currently unavailable)
rPois    +         Spirit   .   (helmet currently unavailable)
rElec    .         Reflect  .   (cloak currently unavailable)
rCorr    .         Harm     +   (gloves currently unavailable)
MR       .....     NoTele   +   (boots currently unavailable)
Stlth    ++........             f - amulet of harm
HPRegen  0.10/turn              (no ring)
MPRegen  0.10/turn              (no ring)

@: tree-form
A: high mp 1
a: no special abilities


You were on level 3 of the Dungeon.
You were not hungry.
You were a tree.
You visited 1 branch of the dungeon, and saw 3 of its levels.

You collected 23 gold pieces.

Inventory:

Hand Weapons
 d - a +0 mace (weapon)
Armour
 a - a +0 robe (melded)
 g - a +0 pair of gloves (melded)
Jewellery
 f - an amulet of harm (around neck)
Scrolls
 e - a scroll of identify {unknown}
 h - a scroll of remove curse {unknown}
Potions
 i - a potion of degeneration
Comestibles
 c - 5 rations


   Skills:
 - Level 1.7 Dodging
 - Level 1.7 Stealth
 + Level 2.0 Spellcasting
 * Level 1.7 Conjurations
 * Level 3.1 Fire Magic


You had 4 spell levels left.
You knew the following spells:

 Your Spells              Type           Power        Failure   Level  Hunger
a - Flame Tongue          Conj/Fire      ##...        6%          1    #......


Dungeon Overview and Level Annotations

Branches:
Dungeon (3/15)

Annotations:
D:2 Robin
D:3 Natasha; xccam's ghost, amateur GnWn


Innate Abilities, Weirdness & Mutations

You have an increased reservoir of magic. (+10% MP)


Message History

Unknown command.
Casting: Flame Tongue (safe; 6% risk of failure)
Confirm with . or Enter, or press ? or * to list all spells.
Aiming: Flame Tongue (safe; 6% risk of failure)
Press: ? - help, Shift-Dir - straight line, f/p - xccam's ghost
Aim: xccam's ghost (heavily damaged)
The flame tongue hits xccam's ghost.
Xccam's ghost is heavily damaged.
Natasha hisses angrily.
Xccam's ghost barely misses you.
Unknown command.
Casting: Flame Tongue (safe; 6% risk of failure)
Confirm with . or Enter, or press ? or * to list all spells.
Aiming: Flame Tongue (safe; 6% risk of failure)
Press: ? - help, Shift-Dir - straight line, f/p - xccam's ghost
Aim: xccam's ghost (heavily damaged)
The flame tongue hits xccam's ghost.
Xccam's ghost is almost destroyed.
Xccam's ghost hits you.
You die...

###########
#######...#.....#
#........[#.....#
..........#.)...########
.♣♣♣♣♣'...'....W♣.......
♣♣ ##...#.†...##.h....
#...#.....# #####
#####.....# #)....#
#######


You could see Natasha and xccam's ghost.

Vanquished Creatures
  A dart slug (D:1)
  A leopard gecko (D:1)
  4 bats (D:1)
  3 giant cockroaches
  A hobgoblin (D:1)
  2 jackals (D:1)
  4 kobolds (D:1)
  3 goblins
  2 rats (D:1)
21 creatures vanquished.

Notes
Turn   | Place    | Note
-------+----------+-------------------------------------------
     0 | D:1      | 4thArraOfDagon the Demigod Fire Elementalist began the quest for the Orb.
     0 | D:1      | Reached XP level 1. HP: 14/14 MP: 5/5
    15 | D:1      | Reached skill level 1 in Conjurations
   169 | D:1      | Reached XP level 2. HP: 20/20 MP: 4/7
   170 | D:1      | Reached skill level 3 in Fire Magic
   414 | D:2      | Noticed Robin
   460 | D:3      | Noticed xccam's ghost (amateur GnWn)
   493 | D:3      | Noticed Natasha
   496 | D:3      | HP: 1/30 [xccam's ghost (6)]
   500 | D:3      | Slain by xccam's ghost

Vault maps used:
D:1:      saegor_arrival_simple_b
D:2:      uniq_robin
D:3:      chequers_ecumenical_altar_grove, uniq_natasha

Skill      XL: |  1  2 |
---------------+-------+-----
Conjurations   | 1 |  1.7
Fire Magic     | 3 |  3.1
Spellcasting   | 2 |  2.0
Dodging        | |  1.7
Stealth        | |  1.7

Action                   || total
-------------------------++-------
Melee: Unarmed           ||    12
       Mace              ||     4
 Cast: Flame Tongue      ||    35
  Use: Potion            ||     3
Armor: Robe              ||     9
       Skin              ||     3
Dodge: Dodged            ||    21

Table legend:
 A = Spawn XP
 B = Non-spawn XP
 C = Spawn XP percentage of total XP
 D = Spawn monster count
 E = Non-spawn monster count
 F = Spawn count percentage of total count
 G = Total turns spent on level
                    A         B        C        D         E        F      G
               +---------+---------+-------+---------+---------+-------+---------
         Total |       0 |      38 |   0.0 |       0 |      21 |   0.0 |   500
               +---------+---------+-------+---------+---------+-------+---------
           D:1 |       0 |      31 |   0.0 |       0 |      17 |   0.0 |   368
           D:2 |       0 |       1 |   0.0 |       0 |       1 |   0.0 |    51
           D:3 |       0 |       6 |   0.0 |       0 |       3 |   0.0 |    81
               +---------+---------+-------+---------+---------+-------+---------
